 Dungeon Crawl Stone Soup version 0.27-a0-1200-g94dc6ad4cf (webtiles) character file.

Game seed: 17904427237135089324

182 Analysis the Poker (level 5, 0/42 HPs)
             Began as a Merfolk Gladiator on May 30, 2021.
             Slain by a gnoll
             ... wielding a +0 club
              (4 damage)
             ... on level 3 of the Dungeon.
             The game lasted 00:15:59 (3622 turns).

Analysis the Poker (Merfolk Gladiator)              Turns: 3622, Time: 00:15:59

Health: 0/42       AC:  6    Str: 15    XL:     5   Next: 62%
Magic:  5/5        EV: 12    Int:  7    God:
Gold:   154        SH:  0    Dex: 16    Spells: 4/4 levels left

rFire    . . .     SeeInvis .   a - +0 trident
rCold    . . .     Faith    .   (no shield)
rNeg     . . .     Spirit   .   j - +0 ring mail
rPois    .         Reflect  .   c - +0 helmet
rElec    .         Harm     .   (no cloak)
rCorr    .         Rampage  .   (no gloves)
Will     .....                  (no boots)
Stlth    +.........             (no amulet)
HPRegen  0.14/turn              (no ring)
MPRegen  0.09/turn              (no ring)

@: no status effects
A: (nimble swimmer 2), mertail
a: no special abilities


You were on level 3 of the Dungeon.
You visited 1 branch of the dungeon, and saw 4 of its levels.

You collected 154 gold pieces.

Inventory:

Hand Weapons
 a - a +0 trident (weapon)
Missiles
 d - 3 throwing nets (quivered)
Armour
 c - a +0 helmet (worn)
 j - a +0 ring mail (worn)
Scrolls
 b - a scroll of enchant weapon {unknown}
 l - 2 scrolls of teleportation {unknown}
 n - a scroll of amnesia {unknown}
Potions
 e - a potion of flight
 g - 2 potions of ambrosia
 h - 2 potions of brilliance
 i - a potion of heal wounds {unknown}
 k - a potion of might {unknown}
 m - a potion of attraction {unknown}


   Skills:
 + Level 3.9 Fighting
 * Level 7.7 Polearms
 - Level 2.0 Throwing
 - Level 4.0 Dodging


You had 4 spell levels left.
You didn't know any spells.
Your spell library contained the following spells:

 Spells                   Type           Power      Damage    Failure   Level
 Animate Skeleton         Necr           0%         N/A       67%         1
 Pain                     Necr           0%         1d4       67%         1
 Confusing Touch          Hex            0%         N/A       95%         3
 Gell's Gravitas          Tloc           0%         N/A       95%         3
 Vampiric Draining        Necr           0%         2d6       95%         3
 Animate Dead             Necr           0%         N/A       100%        4
 Petrify                  Tmut/Erth      0%         N/A       100%        4
 Agony                    Necr           0%         N/A       100%        5
 Metabolic Englaciation   Hex/Ice        0%         N/A       100%        5
 Yara's Violent Unravell  Hex/Tmut       0%         3d3       100%        5


Dungeon Overview and Level Annotations

Branches:
Dungeon (4/15)
 Temple: D:4-7

Altars:

Shops:
D:3 *

Annotations:
D:4 Grinder


Innate Abilities, Weirdness & Mutations

((You are quick and stealthy near water. (Stealth+, EV+, Speed+++)))
Your lower body shifts to a powerful aquatic tail in water.


Message History

You hit the adder.
The adder is almost dead.
The adder bites you but does no damage.
You hit the adder but do no damage.
The adder is almost dead.
The adder bites you.
You are poisoned.
The adder poisons you!
You closely miss the adder.
The adder is almost dead.
You feel sick. The adder bites you.
You are more poisoned.
The adder poisons you!
You puncture the adder!
You kill the adder!
You feel sick. The gnoll completely misses you.
An orc comes into view. It is wielding a +0 club.
You feel sick.
You feel sick. The gnoll hits you with a +0 club.
You feel sick. The gnoll misses you.
There is a stone staircase leading up here.
You feel sick. The gnoll hits you but does no damage.
You climb upwards.
You feel sick.
You are no longer poisoned.
There is a stone staircase leading down here.
You closely miss the gnoll. The gnoll hits you with a +0 club.
You hit the gnoll but do no damage. The gnoll misses you.
The gnoll hits you with a +0 club.
You hit the gnoll but do no damage. The gnoll hits you but does no damage.
You hit the gnoll but do no damage. The gnoll hits you with a +0 club.
* * * LOW HITPOINT WARNING * * *
The gnoll hits you but does no damage.
You hit the gnoll.
The gnoll is moderately wounded.
The gnoll hits you with a +0 club!
* * * LOW HITPOINT WARNING * * *
You hit the gnoll.
The gnoll is severely wounded.
The gnoll hits you with a +0 club.
You die...

#############
#...........#
##############...........#
...............g@.......>#
##...(....####...........#
#........# ###'#########
##........# ####.#
..........# #....#
..........# #....#
..........# #....####
..........# #.......#
##........# #....##.#


You could see a gnoll (fast).

Vanquished Creatures
  An orc wizard (D:3)
  3 gnolls (D:4)
  4 adders
  An ufetubus (D:4)
  A dart slug (D:2)
  4 orcs (D:3)
  9 ball pythons
  7 bats
  10 endoplasms
  2 giant cockroaches
  10 goblins
  A hobgoblin (D:1)
  3 jackals (D:2)
  7 kobolds
  4 quokkas
  3 frilled lizards
  8 rats
78 creatures vanquished.

Notes
Turn   | Place    | Note
-------+----------+-------------------------------------------
     0 | D:1      | Analysis the Merfolk Gladiator began the quest for the Orb.
     0 | D:1      | Reached XP level 1. HP: 16/16 MP: 1/1
   307 | D:1      | Reached skill level 5 in Polearms
   307 | D:1      | Reached XP level 2. HP: 20/23 MP: 2/2
   478 | D:1      | Found a faded altar of an unknown god.
   709 | D:1      | Reached XP level 3. HP: 26/28 MP: 3/3
   938 | D:2      | Reached skill level 6 in Polearms
  1522 | D:2      | Reached XP level 4. HP: 35/35 MP: 4/4
  2405 | D:3      | Found Ahemuqan's Assorted Antiques.
  2418 | D:3      | Reached skill level 7 in Polearms
  2466 | D:3      | Reached XP level 5. HP: 37/41 MP: 5/5
  3155 | D:4      | Noticed Grinder
  3622 | D:3      | Slain by a gnoll

Illustrated notes

Levels and vault maps discovered:
D:1:      lordsloth_arrival_two_stooges, layout_basic,
          hellmonk_ecumenical_altar_heavens_door
D:2:      layout_loops_ring, kennysheep_generic_room_6
D:3:      minmay_general_purpose_star, layout_basic, serial_shops, shop,
          hangedman_decor_growths
D:4:      minmay_spotlight, layout_loops_ring, lemuel_crystal_altar,
          uniq_grinder

Skill      XL: |  1  2  3  4 |
---------------+-------------+-----
Polearms       | 5 6 7 |  7.7
Fighting       | 3 |  3.9
Throwing       | |  2.0
Dodging        | |  4.0

Action                   |  1- 3 |  4- 6 || total
-------------------------+-------+-------++-------
Melee: Trident           |   148 |   130 ||   278
  Use: Scroll            |       |     3 ||     3
 Stab: Sleeping          |     1 |     2 ||     3
Armor: Leather armour    |    28 |     1 ||    29
       Ring mail         |       |    26 ||    26
Dodge: Dodged            |    58 |    48 ||   106

Table legend: (Time is in decaauts)
 A = Elapsed time spent in this place.
 B = Non-inter-level travel time spent in this place.
 C = Inter-level travel time spent in this place.
 D = Time resting spent in this place.
 E = Time spent auto-exploring this place.
 F = Levels seen in this place.
 G = Mean time per level.
                   A        B        C        D        E       F      G
               +--------+--------+--------+--------+--------+-----+--------+
         Total |   3618 |   3461 |    157 |   1314 |   1454 |   4 |  904.5 |
       Dungeon |   3618 |   3461 |    157 |   1314 |   1454 |   4 |  904.5 |
               +--------+--------+--------+--------+--------+-----+--------+

Top non-repeatable levels by time:
     D:3: 1417 daAuts
     D:2: 1001 daAuts
     D:1: 867 daAuts
     D:4: 332 daAuts
